 Dungeon Crawl Stone Soup version 0.30-a0-870-gc5d4c5acee (webtiles) character file.

Game seed: 10706131166541840214

8686 Ajencis the Grappler (level 11, 0/107 HPs)
             Began as a Troll Monk on Mar 11, 2023.
             Slain by a death yak (17 damage)
             ... on level 11 of the Dungeon.
             The game lasted 00:20:16 (8438 turns).

Ajencis the Grappler (Troll Monk)                   Turns: 8438, Time: 00:20:16

Health: 0/107      AC:  9    Str: 25    XL:     11   Next: 13%
Magic:  10/10      EV: 12    Int:  6    God:
Gold:   571        SH:  0    Dex: 12    Spells: 10/10 levels left

rFire   . . .      SeeInvis .      - Unarmed
rCold   + . .      Faith    +    (no shield)
rNeg    . . .      Spirit   .    L - +0 acid dragon scales
rPois   +          Reflect  .    (helmet restricted)
rElec   .          Rampage  .    (no cloak)
rCorr   +                        (gloves unavailable)
Will    .....                    (boots unavailable)
Stlth   +                        p - amulet of faith
HPRegen 1.17/turn                k - ring of protection from cold
MPRegen 0.12/turn                o - ring of poison resistance

@: studying Spellcasting
A: large, unfitting armour, claws 3, regeneration 1, shaggy fur 1, tough skin 1
a: no special abilities


You were on level 11 of the Dungeon.
You visited 2 branches of the dungeon, and saw 12 of its levels.
You also visited: Sewer.

You collected 571 gold pieces.

Inventory:

Hand Weapons
 y - the +6 trident of Plunder {drain, rElec Str+3}
   (You found it on level 4 of the Dungeon)

   Str:       It affects your strength (+3).
   rElec:     It insulates you from electricity.
Missiles
 q - 7 curare-tipped darts (quivered)
 B - 22 poisoned darts
 H - a throwing net
Armour
 a - a +0 robe
 x - +0 steam dragon scales
 L - +0 acid dragon scales (worn)
Magical Staves
 f - a staff of death
 w - a staff of cold
Jewellery
 i - an amulet of magic regeneration
 k - a ring of protection from cold (left claw)
 o - a ring of poison resistance (right claw)
 p - an amulet of faith (around neck)
 N - a ring of ice
Wands
 I - a wand of charming (14)
 J - a wand of flame (28)
 M - a wand of polymorph (4)
Scrolls
 c - a scroll of enchant armour {unknown}
 l - 3 scrolls of teleportation
 m - 3 scrolls of enchant weapon
 n - a scroll of magic mapping
 t - 3 scrolls of identify
 v - a scroll of acquirement {unknown}
 D - 5 scrolls of fog
 G - 2 scrolls of blinking {unknown}
 K - a scroll of fear {unknown}
Potions
 b - 2 potions of ambrosia
 d - 5 potions of curing
 e - 8 potions of mutation
 g - 3 potions of attraction
 h - 5 potions of heal wounds
 j - 2 potions of flight
 r - 3 potions of haste
 s - 3 potions of lignification
 u - 6 potions of degeneration {unknown}
 z - 2 potions of brilliance {unknown}
 A - a potion of resistance {unknown}
 C - 2 potions of invisibility {unknown}
 E - a potion of might {unknown}
 F - 2 potions of cancellation {unknown}


   Skills:
 + Level 6.9 Fighting
 + Level 6.3 Armour
 + Level 7.1 Dodging
 - Level 1.0 Stealth
 * Level 11.4 Unarmed Combat


You had 10 spell levels left.
You didn't know any spells.
Your spell library contained the following spells:

 Spells                   Type           Power      Damage    Failure   Level
 Ignite Poison            Fire/Tmut/Pois 0%         N/A       87%         3
 Kindle Blastsparks       Fire/Tloc/Air  0%         2d10      87%         3
 Freezing Cloud           Conj/Ice/Air   0%         6-21      100%        5
 Summon Forest            Summ/Tloc      0%         N/A       100%        5
 Eringya's Noxious Bog    Tmut/Pois      0%         N/A       100%        6
 Summon Hydra             Summ           0%         N/A       100%        7


Dungeon Overview and Level Annotations

Branches:
Dungeon (11/15)            Temple (1/1) D:4           Sewer (visited)
   Lair: D:8-11         Orc: D:9-12

Altars:
Ashenzari
Cheibriados
Dithmenos
Elyvilon
Fedhas
Gozag
Hepliaklqana
Kikubaaqudgha
Makhleb
Nemelex Xobeh
Okawaru
Qazlal
Ru
Sif Muna
Trog
Uskayaw
Vehumet
Wu Jian
Xom
Yredelemnul
Zin
The Shining One

Shops:
D:1 :


Innate Abilities, Weirdness & Mutations

You are too large for most types of armour.
You have claws for hands.
Your natural rate of healing is unusually fast.
You are covered in fur. (AC +1)
You have tough skin. (AC +1)


Message History

The yak is heavily wounded.
The yak barely misses you.
You barely miss the yak.
The yak is heavily wounded.
The yak closely misses you.
You barely miss the yak.
The yak is heavily wounded.
You mangle the yak!!
You kill the yak!
You hear a bellow! x2
A yak and 2 death yaks come into view.
The death yak bellows! x2
You see here a yak corpse.
A yak comes into view.
The yak bellows!
The death yak gores you but does no damage.
The yak bellows!
You mangle the death yak!!
The death yak is moderately wounded.
The death yak gores you!
You barely miss the death yak.
The death yak is moderately wounded.
The death yak closely misses you.
The death yak gores you but does no damage.
You barely miss the death yak.
The death yak is moderately wounded.
The death yak gores you but does no damage.
The death yak gores you! The yak closely misses you. The death yak gores you!
The death yak attacks as you move away! The death yak gores you!
* * * LOW HITPOINT WARNING * * *
You see here a yak corpse.
The death yak attacks as you move away! The death yak barely misses you.
The death yak attacks as you move away! The death yak closely misses you.
The death yak attacks as you move away!
The death yak gores you but does no damage.
The death yak attacks as you move away! The death yak gores you!
* * * LOW HITPOINT WARNING * * *
The death yak gores you!
You die...

########### #.........##
....#...........
....#........... ..#
....#........... ...####
...?#........... .......
....#........... ......
....####'############......
................@.Y.....#
....)............YY.....+
###.#######..###...Y....#
#.+ #..# #...Y....# #.#
#..# #####..>.#### #.# #..#
#........ #.#######..#
#........ #.........##
#.....#+# ###.....[...#
..#...#


You could see 2 death yaks and 3 yaks.

Vanquished Creatures
  Fannar (D:11)
  A boulder beetle (D:11)
  A death yak (D:11)
  Maggie (D:7)
  A troll (D:7)
  A hornet (D:9)
  Prince Ribbit (D:5)
  6 yaks
  3 wyverns
  Eustachio (D:6)
  3 vampire mosquitoes (D:10)
  Menkaure (D:6)
  A steam dragon (D:8)
  An acid dragon (D:10)
  3 water moccasins
  2 ice beasts (D:6)
  2 orc warriors
  A sky beast (D:6)
  A black bear (D:5)
  2 centaurs (D:9)
  3 ogres
  5 kobold brigands
  3 bullfrogs
  Blork the orc (D:5)
  A gnoll sergeant (D:9)
  4 scorpions
  8 wights
  3 howler monkeys (D:7)
  4 electric eels (D:10)
  5 orc priests
  5 hounds
  2 jellies
  2 sleepcaps (D:6)
  3 iguanas
  8 orc wizards
  9 gnolls
  7 adders
  2 shadow imps
  A white imp (D:5)
  3 ufetubi
  3 worms
  2 dart slugs
  31 orcs
  13 bats
  9 endoplasms
  4 giant cockroaches
  4 hobgoblins
  7 quokkas
  9 ball pythons
  3 frilled lizards
  4 goblins
  28 kobolds
  5 rats
  2 butterflies (D:4)
237 creatures vanquished.

Vanquished Creatures (others)
  An ice beast (D:8)
1 creature vanquished.

Grand Total: 238 creatures vanquished

Notes
Turn   | Place    | Note
-------+----------+-------------------------------------------
     0 | D:1      | Ajencis the Troll Monk began the quest for the Orb.
     0 | D:1      | Reached XP level 1. HP: 22/22 MP: 0/0
   116 | D:1      | Reached XP level 2. HP: 29/29 MP: 1/1
   276 | D:1      | Found Tuuk's Book Boutique.
   824 | D:2      | Found an ancient bone altar of Kikubaaqudgha.
   867 | D:2      | Reached XP level 3. HP: 36/36 MP: 2/2
  1770 | D:3      | Reached XP level 4. HP: 44/44 MP: 3/3
  1842 | D:3      | Found a shimmering altar of Xom.
  1843 | D:3      | Found a hazy altar of Hepliaklqana.
  1844 | D:3      | Noticed a spectral ugly thing
  1870 | D:3      | Reached skill level 1 in Armour
  1948 | D:3      | Reached skill level 4 in Unarmed Combat
  1956 | D:3      | HP: 2/44 [gnoll/+0 halberd (4)]
  2360 | D:3      | Reached XP level 5. HP: 48/53 MP: 4/4
  2586 | D:3      | Found a shimmering blue altar of Sif Muna.
  2817 | D:4      | Identified the +6 trident of Plunder {drain, rElec Str+3}
  2826 | D:4      | Noticed an ogre
  2833 | D:4      | Killed an ogre
  2834 | D:4      | Reached XP level 6. HP: 49/61 MP: 5/5
  2957 | D:4      | Reached skill level 5 in Unarmed Combat
  2986 | D:4      | Found a glowing drain.
  3001 | Sewer    | Entered a sewer
  3276 | D:4      | Found a staircase to the Ecumenical Temple.
  3290 | Temple   | Entered the Ecumenical Temple
  3536 | D:4      | Reached XP level 7. HP: 67/67 MP: 6/6
  3550 | D:4      | Found a burning altar of Makhleb.
  3553 | D:4      | Found a bloodstained altar of Trog.
  3557 | D:4      | Found a snail-covered altar of Cheibriados.
  3788 | D:5      | Entered Level 5 of the Dungeon
  3984 | D:5      | Reached skill level 6 in Unarmed Combat
  4157 | D:5      | Noticed Blork the orc
  4167 | D:5      | Killed Blork the orc
  4456 | D:5      | Noticed Prince Ribbit
  4462 | D:5      | Killed Prince Ribbit
  4463 | D:5      | Reached XP level 8. HP: 56/78 MP: 7/7
  4500 | D:5      | Identified the +2 pair of gloves of Idaruwic {rElec}
  4615 | D:5      | Found a glowing golden altar of the Shining One.
  4880 | D:6      | Noticed Eustachio
  4895 | D:6      | Killed Eustachio
  4896 | D:6      | Reached skill level 7 in Unarmed Combat
  5181 | D:6      | Reached skill level 5 in Dodging
  5276 | D:6      | Reached skill level 8 in Unarmed Combat
  5281 | D:6      | Reached XP level 9. HP: 85/87 MP: 8/8
  5397 | D:6      | Reached skill level 5 in Fighting
  5456 | D:6      | Found an iron altar of Okawaru.
  5458 | D:6      | Noticed Menkaure
  5470 | D:6      | Killed Menkaure
  5990 | D:7      | Reached skill level 9 in Unarmed Combat
  6043 | D:7      | Noticed Maggie
  6053 | D:7      | Killed Maggie
  6067 | D:7      | Found a radiant altar of Vehumet.
  6280 | D:7      | Noticed a troll
  6289 | D:7      | Killed a troll
  6290 | D:7      | Reached skill level 5 in Armour
  6395 | D:8      | Reached XP level 10. HP: 98/98 MP: 9/9
  6606 | D:8      | Found a hide-covered altar of Uskayaw.
  6940 | D:9      | Reached skill level 10 in Unarmed Combat
  7124 | D:9      | Found a broken altar of Ashenzari.
  7506 | D:10     | Entered Level 10 of the Dungeon
  8139 | D:10     | Found a sparkling altar of Nemelex Xobeh.
  8163 | D:10     | Reached skill level 11 in Unarmed Combat
  8275 | D:11     | Noticed a boulder beetle
  8285 | D:11     | Killed a boulder beetle
  8352 | D:11     | Noticed Fannar
  8365 | D:11     | Killed Fannar
  8366 | D:11     | Reached XP level 11. HP: 84/107 MP: 10/10
  8409 | D:11     | Noticed a death yak
  8423 | D:11     | Killed a death yak
  8428 | D:11     | Noticed a death yak
  8428 | D:11     | Noticed a death yak
  8438 | D:11     | Slain by a death yak

Illustrated notes

Levels and vault maps discovered:
D:1:      amcnicky_arrival_choice, layout_loops_ring, serial_shops, shop
D:2:      kennysheep_big_flooded_room, layout_basic, basic_altar
D:3:      layout_basic, regret_index_temple_of_mockery,
          kennysheep_orc_sif_temple, eino_tiny_chamber
D:4:      layout_basic, grunt_temple_overflow_diamond,
          minmay_temple_entry_butterflies, cheibrodos_sewer_entry_bend,
          nicolae_concentric_dashed_squares_wild
D:5:      layout_loops_corners, nicolae_tso_swordbearing_angel,
          uniq_blork_the_orc, uniq_prince_ribbit1
D:6:      layout_loops_ring, okawaru_trees_2, uniq_eustachio, uniq_menkaure
D:7:      layout_rooms, nicolae_overflow_crystal_walls, uniq_maggie
D:8:      layout_cave_pools, old_standard_altar
D:9:      layout_roguey, nicolae_ashenzari_skybound
D:10:     layout_basic, nemelex_xobeh_ov_fountains_minmay
D:11:     layout_irregular_city, dpeg_lair_monsters, zombieorc2_lemuel,
          minmay_bent, uniq_fannar, uniq_erica
Temple:   chequers_temple_sunken

Skill      XL: |  1  2  3  4  5  6  7  8  9 10 |
---------------+-------------------------------+-----
Dodging        | 3 4 5 6 7 |  7.1
Armour         | 1 2 3 4 5 6 |  6.3
Unarmed Combat | 4 5 6 8 9 11 | 11.4
Fighting       | 3 4 5 6 |  6.9
Stealth        | |  1.0

Action                     |  1- 3 |  4- 6 |  7- 9 | 10-12 || total
---------------------------+-------+-------+-------+-------++-------
  Melee: Unarmed           |    91 |   139 |   296 |   220 ||   746
         Punch             |     1 |     2 |    15 |    13 ||    31
    Use: Scroll            |       |       |    17 |       ||    17
   Stab: Sleeping          |     4 |     2 |     2 |     2 ||    10
 Armour: Robe              |    38 |    32 |    40 |       ||   110
         Steam dragon scal |       |       |    21 |    63 ||    84
         Acid dragon scale |       |       |       |     5 ||     5
  Dodge: Dodged            |    43 |    69 |   151 |   118 ||   381

Table legend: (Time is in decaauts)
 A = Elapsed time spent in this place.
 B = Non-inter-level travel time spent in this place.
 C = Inter-level travel time spent in this place.
 D = Time resting spent in this place.
 E = Time spent auto-exploring this place.
 F = Levels seen in this place.
 G = Mean time per level.
                   A        B        C        D        E       F      G
               +--------+--------+--------+--------+--------+-----+--------+
         Total |   8334 |   7951 |    383 |      7 |   6045 |  13 |  641.1 |
       Dungeon |   7872 |   7491 |    381 |      5 |   5776 |  11 |  715.6 |
        Temple |    213 |    212 |      1 |      0 |    140 |   1 |  213.0 |
         Sewer |    249 |    249 |      0 |      2 |    129 |   1 |  249.0 |
               +--------+--------+--------+--------+--------+-----+--------+

Top non-repeatable levels by time:
     D:2: 1034 daAuts
     D:5: 934 daAuts
     D:3: 934 daAuts
     D:6: 869 daAuts
    D:10: 753 daAuts
     D:4: 747 daAuts
     D:9: 718 daAuts
     D:1: 707 daAuts
     D:7: 587 daAuts
     D:8: 430 daAuts
   Sewer: 249 daAuts
  Temple: 213 daAuts
    D:11: 155 daAuts
